 Dungeon Crawl Stone Soup version 0.28-a0-726-g4a9143789a (webtiles) character file.

Game seed: 11860852260525989447

40 pokeman the Magician (level 3, -1/20 HPs)
             Began as a Deep Elf Hedge Wizard on Oct 27, 2021.
             Slain by a worm (6 damage)
             ... on level 2 of the Dungeon.
             The game lasted 00:02:56 (2085 turns).

pokeman the Magician (Deep Elf Hedge Wizard)        Turns: 2085, Time: 00:02:57

Health: -1/20      AC:  3    Str:  7    XL:     3   Next: 30%
Magic:  3/11       EV: 11    Int: 19    God:
Gold:   32         SH:  0    Dex: 14    Spells: 1/12 levels left

rFire   . . .      SeeInvis .   f - +0 flail
rCold   . . .      Faith    .   (no shield)
rNeg    . . .      Spirit   .   a - +0 leather armour
rPois   +          Reflect  .   c - +0 hat
rElec   .          Harm     .   (no cloak)
rCorr   .          Rampage  .   (no gloves)
Will    .....                   (no boots)
Stlth   ++........              (no amulet)
HPRegen 0.06/turn               b - ring of poison resistance
MPRegen 0.12/turn               (no ring)

@: no status effects
A: no striking features
a: no special abilities


You were on level 2 of the Dungeon.
You visited 1 branch of the dungeon, and saw 2 of its levels.

You collected 32 gold pieces.

Inventory:

Hand Weapons
 f - a +0 flail (weapon)
Armour
 a - a +0 leather armour (worn)
 c - a +0 hat (worn)
Jewellery
 b - a ring of poison resistance (left hand)
Scrolls
 d - 3 scrolls of brand weapon {unknown}
 e - 2 scrolls of summoning {unknown}
 g - a scroll of enchant armour {unknown}
 i - a scroll of identify {unknown}
Potions
 h - a potion of curing {unknown}


   Skills:
 + Level 0.8 Fighting
 + Level 0.9 Armour
 - Level 2.4 Dodging
 - Level 2.4 Stealth
 * Level 5.1 Spellcasting
 + Level 1.8 Conjurations
 - Level 1.1 Summonings
 - Level 1.1 Translocations


You had one spell level left.
You knew the following spells:

 Your Spells              Type           Power      Damage    Failure   Level
a - Magic Dart            Conj           44%        1d5       9%          1
b - Mephitic Cloud        Conj/Pois/Air  7%         N/A       38%         3
c - Call Imp              Summ           9%         N/A       17%         2
d - Blink                 Tloc           18%        N/A       17%         2
e - Conjure Flame         Conj/Fire      8%         6-21      36%         3

Your spell library contained the following spells:

 Spells                   Type           Power      Damage    Failure   Level
 Corpse Rot               Necr/Air       8%         N/A       26%         2
 Slow                     Hex            4%         N/A       26%         2
 Dispel Undead            Necr           4%         3d7       87%         4
 Death Channel            Necr           2%         N/A       100%        6


Dungeon Overview and Level Annotations

Branches:
Dungeon (2/15)

Altars:


Message History

Confirm with . or Enter, or press ? or * to list all spells.
Aiming: Magic Dart (safe; 9% risk of failure)
Press: ? - help, Shift-Dir - straight line, f/p - worm
Aim: a worm (heavily wounded, 100% to hit)
The magic dart hits the worm.
The worm is severely wounded.
Casting: Magic Dart (safe; 9% risk of failure)
Confirm with . or Enter, or press ? or * to list all spells.
Aiming: Magic Dart (safe; 9% risk of failure)
Press: ? - help, Shift-Dir - straight line, f/p - worm
Aim: a worm (severely wounded, 100% to hit)
The magic dart hits the worm.
The worm is almost dead.
The worm bites you!
Ouch! That really hurt!
Casting: Magic Dart (safe; 9% risk of failure)
Confirm with . or Enter, or press ? or * to list all spells.
Aiming: Magic Dart (safe; 9% risk of failure)
Press: ? - help, Shift-Dir - straight line, f/p - worm
Aim: a worm (almost dead, 100% to hit)
The magic dart hits the worm.
The worm is almost dead.
Casting: Magic Dart (safe; 9% risk of failure)
Confirm with . or Enter, or press ? or * to list all spells.
Aiming: Magic Dart (safe; 9% risk of failure)
Press: ? - help, Shift-Dir - straight line, f/p - worm
Aim: a worm (almost dead, 100% to hit)
The magic dart hits the worm but does no damage.
The worm is almost dead.
The worm bites you.
* * * LOW HITPOINT WARNING * * *
Casting: Magic Dart (safe; 9% risk of failure)
Confirm with . or Enter, or press ? or * to list all spells.
Aiming: Magic Dart (safe; 9% risk of failure)
Press: ? - help, Shift-Dir - straight line, f/p - worm
Aim: a worm (almost dead, 100% to hit)
The magic dart hits the worm but does no damage.
The worm is almost dead.
The worm bites you.
You die...

#..........#
#.####.......# #.
#####...# #. #...# #.
#...###### #. #.[.##...
#.########...##.###
#.w#...............
#$@................
........................
.##.##..#.####.......###
# #..#.# #....#.....
....#.# #....#.####
.#####.# #<...#.# . #.#
#....#.# ..# #......####
##.#.......


You could see a worm.

Vanquished Creatures
  A worm (D:2)
  2 endoplasms (D:2)
  A giant cockroach (D:1)
  6 goblins
  3 hobgoblins (D:1)
  3 quokkas (D:1)
  4 ball pythons
  3 bats
  2 frilled lizards (D:1)
  4 kobolds
  4 rats
33 creatures vanquished.

Vanquished Creatures (collateral kills)
  An endoplasm (D:2)
1 creature vanquished.

Grand Total: 34 creatures vanquished

Notes
Turn   | Place    | Note
-------+----------+-------------------------------------------
     0 | D:1      | pokeman the Deep Elf Hedge Wizard began the quest for the
                  | Orb.
     0 | D:1      | Reached XP level 1. HP: 10/10 MP: 7/7
   481 | D:1      | Reached XP level 2. HP: 16/16 MP: 7/9
  1160 | D:1      | Reached skill level 5 in Spellcasting
  1411 | D:2      | Reached XP level 3. HP: 20/20 MP: 6/11
  1415 | D:2      | Learned a level 3 spell: Mephitic Cloud
  1418 | D:2      | Learned a level 2 spell: Call Imp
  1421 | D:2      | Learned a level 2 spell: Blink
  1425 | D:2      | Learned a level 3 spell: Conjure Flame
  2085 | D:2      | Slain by a worm

Illustrated notes

Levels and vault maps discovered:
D:1:      minmay_arrival_radiant_lines, layout_basic, hex_medium,
          minmay_misc_feat_nine_boxes
D:2:      layout_loops_cross

Skill      XL: |  1  2 |
---------------+-------+-----
Spellcasting   | 5 |  5.1
Fighting       | |  0.8
Armour         | |  0.9
Dodging        | |  2.4
Stealth        | |  2.4
Conjurations   | |  1.8
Summonings     | |  1.1
Translocations | |  1.1

Action                   || total
-------------------------++-------
Melee: Dagger            ||    14
       Flail             ||     7
 Cast: Magic Dart        ||    85
       Call Imp          ||     1
Armor: Robe              ||     4
       Leather armour    ||     4
Dodge: Dodged            ||    24

Table legend: (Time is in decaauts)
 A = Elapsed time spent in this place.
 B = Non-inter-level travel time spent in this place.
 C = Inter-level travel time spent in this place.
 D = Time resting spent in this place.
 E = Time spent auto-exploring this place.
 F = Levels seen in this place.
 G = Mean time per level.
                   A        B        C        D        E       F      G
               +--------+--------+--------+--------+--------+-----+--------+
         Total |   2086 |   2050 |     36 |    262 |   1524 |   2 | 1043.0 |
       Dungeon |   2086 |   2050 |     36 |    262 |   1524 |   2 | 1043.0 |
               +--------+--------+--------+--------+--------+-----+--------+

Top non-repeatable levels by time:
     D:1: 1405 daAuts
     D:2: 681 daAuts
